[Event "POR-ch Absolute 2019"]
[Site "Portimao"]
[Date "2019.09.14"]
[Round "9.3"]
[White "Sousa, Andre Ventura"]
[Black "Veiga, Jose Francisco R P N"]
[Result "1-0"]
[ECO "B27"]
[WhiteElo "2362"]
[BlackElo "2345"]
[Annotator "NA"]
[PlyCount "53"]
[EventDate "2019.09.07"]
[EventType "tourn"]
[EventCountry "POR"]
[SourceTitle "playchess.com"]
[Source "ChessBase"]
[SourceQuality "1"]
[TimeControl "5400+30"]

1. e4 c5 2. Nf3 b6 3. d4 cxd4 4. Nxd4 Bb7 5. Nc3 a6 6. Be3 e6 7. Qd2 Bb4 8. f3 Ne7 9. a3 Bxc3 10. Qxc3 d5 11. e5 Nbc6 12. Nxc6 Nxc6 13. O-O-O Rc8 14. f4 Na5 15. Qe1 Nc4 16. Bd4 b5 17. Bd3 a5 18. Kb1 O-O 19. h4 b4 20. axb4 axb4 21. Qxb4 Qc7 22. b3 Rb8 23. Kc1 Rfc8 24. Qc3 Ba6 25. bxc4 dxc4 26. Be4 Rd8 27. Bf2 1-0

[Event "POR-ch Absolute 2019"]
[Site "Portimao"]
[Date "2019.09.15"]
[Round "9.4"]
[White "Dias, Paulo"]
[Black "Galego, Luis"]
[Result "0-1"]
[ECO "E11"]
[WhiteElo "2322"]
[BlackElo "2501"]
[Annotator "ChessBase"]
[PlyCount "65"]
[EventDate "2019.09.07"]
[EventType "tourn"]
[EventCountry "POR"]
[SourceTitle "playchess.com"]
[Source "ChessBase"]
[SourceQuality "1"]
[TimeControl "5400+30"]

1. d4 Nf6 2. c4 e6 3. Nf3 Bb4+ 4. Nbd2 O-O 5. a3 Be7 6. e4 d6 7. Bd3 Nc6 8. O-O a5 9. Rb1 e5 10. d5 Nb8 11. b4 axb4 12. axb4 Na6 13. Re1 Nh5 14. Nf1 g6 15. Bh6 Ng7 16. Ne3 f5 17. exf5 gxf5 18. c5 e4 19. Bxa6 Rxa6 20. b5 Ra3 21. cxd6 Bxd6 22. Bg5 Qe8 23. Nc4 Rxf3 24. Nxd6 cxd6 25. gxf3 Qg6 26. Qd2 h6 27. fxe4 fxe4 28. Rb3 hxg5 29. Rc1 Nf5 30. Rc7 Nh4 31. Qc2 Bf5 32. Rxb7 Nf3+ 33. Rxf3 0-1

[Event "POR-ch Absolute 2019"]
[Site "Portimao"]
[Date "2019.09.15"]
[Round "9.5"]
[White "Fernandes, Antonio"]
[Black "Damaso, Rui"]
[Result "1/2-1/2"]
[ECO "B07"]
[WhiteElo "2368"]
[BlackElo "2416"]
[Annotator "NA"]
[PlyCount "44"]
[EventDate "2019.09.07"]
[EventType "tourn"]
[EventCountry "POR"]
[SourceTitle "playchess.com"]
[Source "ChessBase"]
[SourceQuality "1"]
[TimeControl "5400+30"]

1. e4 d6 2. d4 Nf6 3. Nc3 c6 4. a4 e5 5. dxe5 dxe5 $14 6. Qxd8+ Kxd8 7. Bc4 Ke8 8. Nf3 Bd6 9. Be3 Nbd7 10. O-O-O Bb4 11. Bd2 Ng4 12. Rhf1 h5 13. Ng5 Nh6 14. f4 Nb6 15. Bb3 Bg4 16. Rde1 f6 17. h3 exf4 18. Nf3 Bxf3 19. gxf3 Nd7 20. Bxf4 Nf7 21. Bd2 Nc5 22. f4 Rd8 1/2-1/2